 Dungeon Crawl Stone Soup version 0.28-a0-2-g643f2454ad (webtiles) character file.

Game seed: 11921477161589100951

65 Sweetruy1997 the Chopper (level 4, -9/41 HPs)
             Began as a Hill Orc Monk on July 22, 2021.
             Mangled by Crazy Yiuf (14 damage)
             ... on level 2 of the Dungeon.
             The game lasted 00:04:31 (1555 turns).

Sweetruy1997 the Chopper (Hill Orc Monk)            Turns: 1555, Time: 00:04:31

Health: -9/41      AC:  3    Str: 14    XL:     4   Next: 13%
Magic:  4/4        EV: 12    Int: 10    God:
Gold:   4          SH:  0    Dex: 13    Spells: 3/3 levels left

rFire   . . .      SeeInvis .   b - +0 war axe
rCold   . . .      Faith    .   (no shield)
rNeg    . . .      Spirit   .   f - +0 leather armour
rPois   .          Reflect  .   (no helmet)
rElec   .          Harm     .   (no cloak)
rCorr   .          Rampage  .   (no gloves)
Will    .....                   (no boots)
Stlth   ++........              (no amulet)
HPRegen 0.13/turn               (no ring)
MPRegen 0.09/turn               (no ring)

@: no status effects
A: no striking features
a: no special abilities


You were on level 2 of the Dungeon.
You visited 1 branch of the dungeon, and saw 2 of its levels.

You collected 4 gold pieces.

Inventory:

Hand Weapons
 b - a +0 war axe (weapon)
Armour
 f - a +0 leather armour (worn)
Potions
 e - a potion of might {unknown}
 g - a potion of curing {unknown}


   Skills:
 + Level 4.4 Fighting
 + Level 5.1 Axes
 + Level 0.4 Armour
 + Level 2.7 Dodging
 + Level 1.8 Stealth


You had 3 spell levels left.
You didn't know any spells.
Your spell library was empty.

Dungeon Overview and Level Annotations

Branches:
Dungeon (2/15)

Altars:

Annotations:
D:2 Crazy Yiuf


Message History

You see here a +0 mace.
Okay, then.
You open the door. You barely miss Crazy Yiuf.
Crazy Yiuf hits you with a +3 quarterstaff of chaos!
Crazy Yiuf freezes you.
You hit Crazy Yiuf.
Crazy Yiuf is lightly wounded.
Crazy Yiuf hits you with a +3 quarterstaff of chaos!
Crazy Yiuf freezes you.
* * * LOW HITPOINT WARNING * * *
You feel much better.
Crazy Yiuf hits you with a +3 quarterstaff of chaos!
You hit Crazy Yiuf but do no damage.
Crazy Yiuf is lightly wounded.
Crazy Yiuf screams, "Orb broken childish!"
Crazy Yiuf completely misses you.
You barely miss Crazy Yiuf.
Crazy Yiuf is lightly wounded.
Crazy Yiuf hits you with a +3 quarterstaff of chaos!
Crazy Yiuf burns you.
* * * LOW HITPOINT WARNING * * *
Crazy Yiuf hits you with a +3 quarterstaff of chaos!
* * * LOW HITPOINT WARNING * * *
You see here a +0 mace.
Crazy Yiuf waves his quarterstaff at you.
You see here a +0 mace.
You see here a +1 mace of holy wrath.
You see here a +0 mace.
Crazy Yiuf sings, "Trees, trees, trees, circus!"
Crazy Yiuf screams, "Gum dark broken!"
Crazy Yiuf yells, "Cake!
Goober mumblescurry horse."
Crazy Yiuf says, "Cake unthinkable green!"
Crazy Yiuf says, "Aardvark meccalolo return to song!"
A goblin comes into view. It is wielding a +0 dagger.
The goblin shouts!
Crazy Yiuf says, "Flower!"
You closely miss the goblin. You closely miss Crazy Yiuf.
Crazy Yiuf hits you with a +3 quarterstaff of chaos!
You die...

#####
#<......###
#.# #).)#
#.......# #.#
#)))#
#####..##
##.# )))
#.....## #..#
#'# #.#####
#.## ♣)♣♣ #.#
#.# ♣♣)♣
##########
#)# ♣)♣♣
#.g...# #.#
♣♣)♣ #@#
#>######
♣♣)♣♣ #g#
#......#
♣♣..)♣ #.#
#......#
♣....♣ #.#
####......#
#....# #.#
##.........#
#....# #.#
##..##......#
..####...##
###.#
#..###.##.###
#.....#.##
#...# #.##
..# .#
#####...##
#.######.#
.#. >#


You could see Crazy Yiuf and a goblin.

Vanquished Creatures
  Natasha (D:2)
  3 dart slugs (D:1)
  A ball python (D:1)
  7 endoplasms
  4 goblins
  6 hobgoblins (D:1)
  A quokka (D:1)
  2 bats (D:1)
  3 frilled lizards (D:1)
  3 rats (D:1)
31 creatures vanquished.

Notes
Turn   | Place    | Note
-------+----------+-------------------------------------------
     0 | D:1      | Sweetruy1997 the Hill Orc Monk began the quest for the Orb.
     0 | D:1      | Reached XP level 1. HP: 19/19 MP: 1/1
    85 | D:1      | HP: 1/20 [dart slug/slug dart (4)]
    87 | D:1      | Reached XP level 2. HP: 1/27 MP: 2/2
   836 | D:1      | Reached XP level 3. HP: 24/33 MP: 3/3
  1099 | D:1      | Found a faded altar of an unknown god.
  1379 | D:2      | Noticed Natasha
  1383 | D:2      | Killed Natasha
  1384 | D:2      | Reached skill level 5 in Axes
  1384 | D:2      | Reached XP level 4. HP: 41/41 MP: 4/4
  1510 | D:2      | Found a runed translucent door.
  1519 | D:2      | Noticed Crazy Yiuf
  1527 | D:2      | HP: 1/41 [Crazy Yiuf (9)]
  1555 | D:2      | Mangled by Crazy Yiuf

Illustrated notes

Levels and vault maps discovered:
D:1:      dpeg_arrival_pond, layout_rooms, ebering_ecumenical_altar_petrified
D:2:      layout_rooms, st_stairs_10, minmay_puff, uniq_natasha,
          uniq_crazy_yiuf_cottage

Skill      XL: |  1  2  3 |
---------------+----------+-----
Fighting       | 4 |  4.4
Axes           | 5 |  5.1
Armour         | |  0.4
Dodging        | |  2.7
Stealth        | |  1.8

Action                   |  1- 3 |  4- 6 || total
-------------------------+-------+-------++-------
Melee: Hand axe          |   103 |       ||   103
       War axe           |       |    10 ||    10
  Use: Scroll            |     2 |       ||     2
       Potion            |       |     1 ||     1
 Stab: Sleeping          |     1 |       ||     1
Armor: Robe              |    10 |       ||    10
       Leather armour    |     8 |     2 ||    10
Dodge: Dodged            |    49 |     2 ||    51

Table legend: (Time is in decaauts)
 A = Elapsed time spent in this place.
 B = Non-inter-level travel time spent in this place.
 C = Inter-level travel time spent in this place.
 D = Time resting spent in this place.
 E = Time spent auto-exploring this place.
 F = Levels seen in this place.
 G = Mean time per level.
                   A        B        C        D        E       F      G
               +--------+--------+--------+--------+--------+-----+--------+
         Total |   1565 |   1532 |     33 |    516 |    734 |   2 |  782.5 |
       Dungeon |   1565 |   1532 |     33 |    516 |    734 |   2 |  782.5 |
               +--------+--------+--------+--------+--------+-----+--------+

Top non-repeatable levels by time:
     D:1: 1340 daAuts
     D:2: 225 daAuts
